 Dungeon Crawl Stone Soup version 0.30.0-29-ga12c61a403 (webtiles) character file.

Game seed: 6383875482271994422

67424 Gabide the Stormcaller (level 14, 0/119 HPs)
             Began as a Demigod Air Elementalist on June 12, 2023.
             Shot with a bolt by a yaktaur captain (38 damage)
             ... on level 14 of the Dungeon.
             The game lasted 00:50:01 (22942 turns).

Gabide the Stormcaller (Demigod Air Elementalist)  Turns: 22942, Time: 00:50:01

Health: 0/119      AC: 14    Str:  9    XL:     14   Next: 43%
Magic:  16/41      EV: 16    Int: 39    God:
Gold:   1067       SH:  7    Dex: 14    Spells: 20/32 levels left

rFire   . . .        a - staff of air
rCold   . . .        N - +2 buckler {rPois}
rNeg    . . .        B - +4 steam dragon scales
rPois   +            (no helmet)
rElec   +            (no cloak)
rCorr   .            l - +2 pair of gloves "Cuf Ladd" {rElec Will+}
SInv    .            V - +0 pair of boots
Will    ++...        o - amulet of Xom's Flight of Fancy {RegenMP rElec MP+9 Slay+2}
Stlth   ++           k - ring of poison resistance
HPRegen 0.39/turn    j - +6 ring of intelligence
MPRegen 0.67/turn

%: no passive effects
@: no status effects
A: high MP 1, forlorn, divine attributes
a: no special abilities


You were on level 14 of the Dungeon.
You visited 2 branches of the dungeon, and saw 19 of its levels.

You collected 1757 gold pieces.
You spent 690 gold pieces at shops.

Inventory:

Hand Weapons
 L - the +4 rapier of Hepliaklqana, Witching {speed, rC+}
   (You found it on level 9 of the Dungeon)

   rC:        It protects you from cold.
Missiles
 h - 4 curare-tipped darts
 J - 2 throwing nets
Armour
 l - the +2 pair of gloves "Cuf Ladd" (worn) {rElec Will+}
   (You acquired it on level 2 of the Dungeon)

   rElec:     It insulates you from electricity.
   Will:      It increases your willpower.
 s - a +2 robe of cold resistance
 B - +4 steam dragon scales (worn)
 N - a +2 buckler of poison resistance (worn)
 V - a +0 pair of boots (worn)
 X - the +2 robe of Gestures {rElec}
   (You found it on level 5 of the Lair of Beasts)

   rElec:     It insulates you from electricity.
Magical Staves
 a - a staff of air (weapon)
Jewellery
 i - a ring of ice
 j - a +6 ring of intelligence (right hand)
 k - a ring of poison resistance (left hand)
 o - the amulet of Xom's Flight of Fancy (around neck) {RegenMP rElec MP+9 Slay+2}
   (You acquired it on level 2 of the Dungeon)

   [amulet of magic regeneration]

   It increases your rate of magic regeneration.
   Slay:      It affects your accuracy & damage with ranged weapons and melee
   (+2).
   rElec:     It insulates you from electricity.
   MP:        It affects your magic capacity (+9).
 O - a ring of fire
 Q - a ring of wizardry
 U - the ring of Hiej {Contam rElec rPois Will+ Str+6}
   (You acquired it on level 4 of the Lair of Beasts)

   [ring of strength]

   Str:       It affects your strength (+6).
   rElec:     It insulates you from electricity.
   rPois:     It protects you from poison.
   Contam:    It causes magical contamination when unequipped.
   Will:      It increases your willpower.
 W - a ring of willpower
Wands
 p - a wand of flame (39)
 y - a wand of paralysis (11)
 A - a wand of iceblast (26)
 C - a wand of quicksilver (4)
 D - a wand of polymorph (8)
 H - a wand of mindburst (37)
Scrolls
 c - 4 scrolls of immolation
 n - 3 scrolls of magic mapping
 q - 3 scrolls of blinking
 t - 4 scrolls of fog
 u - 2 scrolls of poison
 v - 3 scrolls of fear
 z - a scroll of vulnerability
 E - 2 scrolls of enchant weapon
 G - 5 scrolls of teleportation
 M - 2 scrolls of butterflies
 R - a scroll of brand weapon
 T - 8 scrolls of identify
Potions
 b - 2 potions of heal wounds
 d - 3 potions of haste
 e - 2 potions of cancellation
 f - 5 potions of brilliance
 g - 11 potions of curing
 m - 2 potions of mutation
 r - 3 potions of invisibility
 w - 4 potions of resistance
 x - a potion of ambrosia
 F - 2 potions of attraction
 I - a potion of lignification
 K - a potion of berserk rage
Miscellaneous
 P - a box of beasts
 S - a condenser vane


   Skills:
 + Level 9.7 Fighting
 - Level 6.0 Armour
 + Level 9.7 Dodging
 - Level 3.0 Stealth
 - Level 6.0 Shields
 + Level 9.6 Spellcasting
 - Level 1.0 Conjurations
 * Level 15.8 Air Magic


You had 20 spell levels left.
You knew the following spells:

 Your Spells              Type           Power      Damage    Failure   Level
a - Shock                 Conj/Air       100%       1d9       1%          1
b - Static Discharge      Conj/Air       100%       2-7/arc   1%          2
c - Swiftness             Air            100%       N/A       0%          3
d - Airstrike             Air            59%        2d(9-25)  1%          4
e - Cigotuvi's Dreadful   Necr/Pois/Air  100%       N/A       1%          2

Your spell library contained the following spells:

 Spells                   Type           Power      Damage    Failure   Level
 Magic Dart               Conj           100%       1d8       1%          1
 Apportation              Tloc           36%        N/A       2%          1
 Beastly Appendage        Tmut           36%        N/A       2%          1
 Necrotise                Necr           72%        1d7       2%          1
 Sting                    Tmut/Pois      72%        1d6       2%          1
 Summon Small Mammal      Summ           72%        N/A       2%          1
 Searing Ray              Conj           52%        2d6       2%          2
 Wereblood                Tmut           18%        N/A       4%          2
 Stone Arrow              Conj/Erth      44%        3d9       7%          3
 Call Canine Familiar     Summ           18%        N/A       9%          3
 Inner Flame              Hex/Fire       18%        N/A       9%          3
 Spider Form              Tmut/Pois      18%        N/A       9%          3
 Summon Guardian Golem    Hex/Summ       18%        N/A       9%          3
 Vampiric Draining        Necr           18%        2d7       9%          3
 Flame Wave               Conj/Fire      22%        2d8       22%         4
 Fulminant Prism          Conj/Hex       11%        3d8       22%         4
 Sticky Flame             Conj/Fire      22%        2d4       22%         4
 Animate Dead             Necr           18%        N/A       28%         4
 Dispel Undead            Necr           18%        3d11      28%         4
 Agony                    Necr           18%        N/A       61%         5
 Lee's Rapid Deconstruct  Erth           9%         3d7*      61%         5
 Death Channel            Necr           9%         N/A       99%         6
 Haunt                    Necr/Summ      9%         N/A       100%        7
 Infestation              Necr           9%         N/A       100%        8


Dungeon Overview and Level Annotations

Branches:
Dungeon (14/15)            Temple (0/1) D:4            Lair (5/5) D:9
  Snake (0/4) Lair:3        Slime (0/5) Lair:5          Orc (0/2) D:10
  Swamp: Lair:2-3    Shoals: Lair:2-3    Vaults: D:13-14

Shops:
D:10 (   D:11 *   D:12 *

Annotations:
D:8 2 transporters, zxspectator's ghost, novice FoFi
D:11 3 runed translucent doors, Henri's ghost, journeyman DrRe


Innate Abilities, Weirdness & Mutations

You have an increased reservoir of magic. (+10% MP)
You shall have no god before yourself.
Your divine heritage dramatically boosts your attributes as you level up.


Message History

The air twists around and strikes the yaktaur!!
The yaktaur is severely wounded.
The deep elf pyromancer shouts!
You feel a surge of power!
The air twists around and strikes the yaktaur!!
You kill the yaktaur!
The yaktaur wields a +0 arbalest.
The yaktaur shoots a bolt.
The bolt misses you.
You feel a surge of power!
The air twists around and strikes the deep elf pyromancer!!
The deep elf pyromancer is almost dead.
The yaktaur shoots a bolt.
The bolt hits you!
You feel a surge of power!
The air twists around and strikes the yaktaur!!
The yaktaur is heavily wounded.
A yaktaur captain comes into view.
You feel a surge of power!
The air twists around and strikes the deep elf pyromancer!
You kill the deep elf pyromancer!
The yaktaur captain wields a +0 arbalest.
The yaktaur captain shoots a bolt.
The bolt closely misses you.
The yaktaur shoots a bolt.
The bolt hits you!!
You feel a surge of power!
The air twists around and strikes the yaktaur!
The yaktaur is severely wounded.
The yaktaur shoots a bolt.
You block the bolt.
You feel a surge of power!
The air twists around and strikes the yaktaur!
The yaktaur is almost dead.
The yaktaur shoots a bolt.
The bolt hits you!
You feel a surge of power!
The air twists around and strikes the yaktaur!
You kill the yaktaur!
The yaktaur captain shoots a bolt.
The bolt hits you!!!
You are too injured to fight recklessly!
You are too injured to fight recklessly!
You are too injured to fight recklessly!
The yaktaur captain shoots a bolt.
The bolt hits you!
The yaktaur captain shoots a bolt.
The bolt hits you!!!
You die...

..#................. .# #..
(##...............### .##...
.)#...........##....##.......
............................###
..####............#.#.....c)...
...# #.<..........#.#..# ..#.#
..######..............###).....
..##..............#.#...#......
...#............@#..#..........
.....##................c.......
..........................?....
..............#.##.............
#.............####.......#.....
#...#.............##....#.....
##...#......)....#......#......
#..####.....)........(.........
...#####..>.).........##..#.##.


You could see a yaktaur captain.

Vanquished Creatures
  5 hydras
  An ogre mage (D:12)
  9 centaur warriors
  2 boulder beetles
  4 two-headed ogres
  4 death yaks
  2 skysharks
  A goliath frog (Lair:4)
  A lindwurm (Lair:5)
  3 deep elf pyromancers
  4 cyclopes
  6 ugly things
  2 manticores
  14 elephants
  A black mamba (Lair:5)
  Joseph (D:7)
  3 gargoyles
  A torpor snail (Lair:4)
  18 cane toads
  An unseen horror (D:12)
  2 yaktaurs (D:14)
  A kobold demonologist (D:11)
  Maggie (D:6)
  A rime drake (Lair:3)
  9 komodo dragons
  A polar bear (Lair:3)
  5 trolls
  3 meliai (D:10)
  2 tyrant leeches (Lair:4)
  Grinder (D:3)
  14 blink frogs
  4 dream sheep (Lair:5)
  9 slime creatures
  Sigmund (D:3)
  3 wraiths
  2 wyverns
  55 yaks
  Eustachio (D:4)
  3 vampires
  2 basilisks
  A steam dragon (D:6)
  14 vampire mosquitoes
  An acid dragon (D:8)
  19 water moccasins
  Duvessa (D:4)
  8 orc warriors
  A sky beast (D:7)
  2 ice beasts
  A black bear (D:9)
  15 centaurs
  5 ogres
  An ogre (shapeshifter) (D:14)
  7 wolves
  10 kobold brigands
  3 scorpions
  11 bullfrogs
  A gnoll sergeant (D:10)
  9 wights (D:7)
  Dowan (D:4)
  17 killer bees
  2 howler monkeys
  7 crimson imps (D:11)
  3 hounds
  5 jellies
  5 orc priests
  2 gnoll boudas (D:7)
  Jessica (D:3)
  3 iguanas
  A sleepcap (D:4)
  Natasha (thrice) (D:4)
  16 orc wizards
  3 hell rats (Lair:1)
  16 gnolls
  6 adders
  3 river rats (Lair:1)
  5 shadow imps
  3 white imps
  A worm (D:2)
  46 orcs
  10 endoplasms
  2 giant cockroaches
  7 goblins
  8 hobgoblins
  11 jackals
  7 quokkas
  5 ball pythons
  3 bats
  3 frilled lizards
  34 kobolds
  8 kobold skeletons (D:11)
  10 kobold zombies (D:11)
  10 rats
580 creatures vanquished.

Notes
Turn   | Place    | Note
-------+----------+-------------------------------------------
     0 | D:1      | Gabide the Demigod Air Elementalist began the quest for the
                  | Orb.
     0 | D:1      | Reached XP level 1. HP: 14/14 MP: 5/5
   108 | D:1      | Reached skill level 1 in Conjurations
   294 | D:1      | Reached XP level 2. HP: 22/22 MP: 5/7
   371 | D:1      | Reached skill level 3 in Air Magic
   902 | D:1      | Reached skill level 1 in Fighting
   902 | D:1      | Reached XP level 3. HP: 28/28 MP: 5/8
  1185 | D:2      | Got the Lessons on the Mantle and Nausea
  1383 | D:2      | You fall into a shaft and drop 2 floors!
  1564 | D:4      | Learned a level 2 spell: Static Discharge
  1653 | D:4      | Noticed Natasha
  1657 | D:4      | Reached XP level 4. HP: 35/35 MP: 6/10
  1659 | D:4      | Killed Natasha
  1717 | D:4      | Found a staircase to the Ecumenical Temple.
  1748 | D:3      | Noticed Jessica
  1754 | D:3      | Killed Jessica
  2316 | D:2      | Identified 3 scrolls of acquirement
  2316 | D:2      | Acquired the amulet of Xom's Flight of Fancy {RegenMP rElec
                  | MP+9 Slay+2}
  2323 | D:2      | Acquired a staff of conjuration
  2325 | D:2      | Acquired the +2 pair of gloves "Cuf Ladd" {rElec Will+}
  2438 | D:3      | Noticed Grinder
  2563 | D:3      | Reached skill level 4 in Air Magic
  2563 | D:3      | Reached XP level 5. HP: 32/41 MP: 11/11
  2923 | D:3      | Noticed Sigmund
  2932 | D:3      | Killed Sigmund
  2933 | D:3      | Reached skill level 5 in Air Magic
  2933 | D:3      | Reached XP level 6. HP: 49/50 MP: 13/13
  3284 | D:3      | Killed Grinder
  3285 | D:3      | Reached skill level 6 in Air Magic
  3285 | D:3      | Reached XP level 7. HP: 44/57 MP: 14/14
  3397 | D:4      | Identified the +0 robe of Yritz {rCorr}
  3445 | D:4      | Learned a level 3 spell: Swiftness
  3468 | D:4      | Noticed Eustachio
  3478 | D:4      | Noticed Natasha
  3485 | D:4      | Killed Natasha
  3538 | D:4      | Reached skill level 1 in Armour
  3543 | D:4      | Killed Eustachio
  3746 | D:4      | Noticed Dowan
  3844 | D:4      | Noticed Duvessa
  3850 | D:4      | Killed Duvessa
  3879 | D:4      | Killed Dowan
  4021 | D:4      | Noticed Natasha
  4024 | D:4      | Killed Natasha
  4071 | D:4      | Learned a level 4 spell: Airstrike
  4280 | D:4      | Reached XP level 8. HP: 63/63 MP: 12/16
  4443 | D:5      | Entered Level 5 of the Dungeon
  4741 | D:5      | Found the +8 trident of the Octopus King {venom, rElec
                  | rPois}
  5188 | D:6      | Reached skill level 7 in Air Magic
  5268 | D:6      | Noticed Maggie
  5273 | D:6      | Killed Maggie
  5736 | D:6      | Reached XP level 9. HP: 72/72 MP: 19/19
  6197 | D:7      | Reached skill level 8 in Air Magic
  6479 | D:7      | Noticed a gargoyle
  6483 | D:7      | Killed a gargoyle
  6484 | D:7      | Reached skill level 5 in Fighting
  6484 | D:7      | Reached skill level 5 in Dodging
  6791 | D:7      | Noticed Joseph
  6941 | D:7      | Killed Joseph
  6942 | D:7      | Reached skill level 5 in Spellcasting
  7407 | D:8      | Reached skill level 9 in Air Magic
  7546 | D:8      | Found a transporter.
  7546 | D:8      | Noticed a boulder beetle
  7560 | D:8      | Killed a boulder beetle
  7561 | D:8      | Reached XP level 10. HP: 46/83 MP: 1/21
  7701 | D:8      | Noticed zxspectator's ghost (novice FoFi)
  8267 | D:8      | Found a transporter.
  8448 | D:9      | Reached skill level 10 in Air Magic
  8616 | D:9      | Found a staircase to the Lair.
  8883 | D:9      | Reached skill level 11 in Air Magic
  9058 | D:9      | Noticed a two-headed ogre
  9062 | D:9      | Killed a two-headed ogre
  9178 | D:9      | Identified the +4 rapier of Hepliaklqana, Witching {speed,
                  | rC+}
  9477 | Lair:1   | Entered Level 1 of the Lair of Beasts
  9637 | Lair:1   | Noticed an elephant
  9638 | Lair:1   | Noticed an elephant
  9641 | Lair:1   | Noticed an elephant
  9669 | Lair:1   | Noticed an elephant
  9696 | Lair:1   | Killed an elephant
  9697 | Lair:1   | Reached skill level 12 in Air Magic
  9697 | Lair:1   | Reached XP level 11. HP: 69/89 MP: 24/24
 11462 | Lair:2   | Noticed a skyshark
 11467 | Lair:2   | Killed a skyshark
 11831 | Lair:3   | Noticed a death yak
 11863 | Lair:3   | Noticed a death yak
 11863 | Lair:3   | Noticed a death yak
 11864 | Lair:3   | Noticed a death yak
 12228 | Lair:3   | Found a staircase to the Snake Pit.
 12289 | Lair:3   | Reached XP level 12. HP: 66/101 MP: 5/27
 12493 | Lair:3   | Reached skill level 13 in Air Magic
 13132 | Lair:4   | Noticed a boulder beetle
 13139 | Lair:4   | Killed a boulder beetle
 13302 | Lair:4   | Identified the +4 ring mail of the Pits of Slime {rElec
                  | Str-5 Dex+3}
 13377 | Lair:4   | Acquired a +2 buckler of poison resistance
 13387 | Lair:4   | Learned a level 2 spell: Cigotuvi's Dreadful Rot
 13717 | Lair:4   | Acquired the ring of Hiej {Contam rElec rPois Will+ Str+6}
 13731 | Lair:5   | Entered Level 5 of the Lair of Beasts
 14726 | Lair:5   | Noticed a seven-headed hydra
 14730 | Lair:5   | Killed a seven-headed hydra
 14786 | Lair:5   | Reached XP level 13. HP: 111/111 MP: 26/30
 14833 | Lair:5   | Reached skill level 14 in Air Magic
 14980 | Lair:5   | Found a staircase to the Slime Pits.
 15386 | Lair:5   | Identified the staff of death "Legud Bisse" {rElec rN+}
 15391 | Lair:5   | Identified the +2 robe of Gestures {rElec}
 15493 | Lair:5   | Reached skill level 15 in Air Magic
 15513 | Lair:5   | Reached skill level 1 in Shields
 16299 | D:10     | Entered Level 10 of the Dungeon
 16417 | D:10     | Found a staircase to the Orcish Mines.
 17193 | D:10     | Identified the staff of cold "Qehoudef" {rC+ rN+ Will+}
 17595 | D:10     | Found Fanuiceh's Weapon Emporium.
 17623 | D:11     | Reached skill level 5 in Armour
 18433 | D:11     | Found Faeg's Elemental Accessories.
 18620 | D:11     | Found a runed translucent gate.
 18621 | D:11     | Found a runed translucent gate.
 18622 | D:11     | Found a runed translucent gate.
 18628 | D:11     | Noticed a minotaur
 18628 | D:11     | Noticed Henri's ghost (journeyman DrRe)
 19444 | D:12     | Reached skill level 5 in Shields
 19753 | D:12     | Found Luopnilusit's General Store.
 19761 | D:12     | Bought a potion of haste for 120 gold pieces
 19761 | D:12     | Bought a scroll of blinking for 90 gold pieces
 19761 | D:12     | Bought a condenser vane for 480 gold pieces
 20731 | D:13     | Reached XP level 14. HP: 118/118 MP: 31/31
 22942 | D:14     | Shot with a bolt by a yaktaur captain

Illustrated notes

Levels and vault maps discovered:
D:1:      wander_arrival_chamber, layout_loops_ring,
          hellmonk_ecumenical_altar_blasted
D:2:      minmay_chambers_of_ones, layout_rooms, hangedman_decor_push
D:3:      layout_loops_ring, palyth_temple_overflow_mages,
          minmay_shallow_snake_nest, uniq_grinder, uniq_jessica, uniq_sigmund
D:4:      layout_loops_ring, grunt_temple_overflow_open,
          minmay_temple_entry_drinking_statues, uniq_eustachio, uniq_natasha,
          uniq_duvessa
D:5:      layout_rooms, grunt_dithmenos_shadows
D:6:      layout_loops_cross, nzn_wu_jian_council_hall, uniq_maggie
D:7:      layout_gridville, reono_crystal_passage, uniq_joseph
D:8:      layout_basic, nzn_ghost_randoct, small_chamber_with_monster
D:9:      layout_basic, mainiacjoe_overflow_alcove_1,
          due_lair_maze_entry_diamond, item_on_display_a
D:10:     layout_gridville, orc_david_3, serial_shops, shop, moated_statue
D:11:     wander_kiku_kobolds, layout_long_grid, maelrawn_ghost_gauntlet_escape,
          nicolae_elemental_shop, minmay_nine_imps
D:12:     minmay_inside_and_out, layout_small_grid, serial_shops, shop,
          minmay_strange_pillars
D:13:     layout_basic, dreamdust_mushroom_princess,
          hangedman_decor_clover_reticule
D:14:     layout_cave_pools, david_vaults_2, grunt_decor_one_mirror
Lair:1:   layout_chaotic_city, kennysheep_abandoned_house
Lair:2:   layout_misc_corridors, palyth_hydra_swamp_entry
Lair:3:   layout_chaotic_city, dummy_snake_entry,
          grunt_forest_small_clearing_treed
Lair:4:   layout_hall_layers, infiniplex_staircase_pool_2
Lair:5:   minmay_lair_end_frog_pond, layout_regular_city,
          nicolae_slime_entry_slimehenge

Skill      XL: |  1  2  3  4  5  6  7  8  9 10 11 12 13 |
---------------+----------------------------------------+-----
Conjurations   | 1 |  1.0
Dodging        | 2 3 4 5 6 7 9 |  9.7
Air Magic      | 3 4 5 6 7 9 12 13 15 | 15.8
Spellcasting   | 2 3 4 5 6 7 9 |  9.6
Fighting       | 1 2 3 4 5 6 7 9 |  9.7
Stealth        | 3 |  3.0
Armour         | 3 6 |  6.0
Shields        | 6 |  6.0

Action                     |  1- 3 |  4- 6 |  7- 9 | 10-12 | 13-15 || total
---------------------------+-------+-------+-------+-------+-------++-------
  Melee: Unarmed           |     7 |       |       |       |       ||     7
         Dagger            |    11 |       |       |       |       ||    11
         Staff             |       |       |     1 |    32 |    84 ||   117
         Trident           |       |       |       |     4 |       ||     4
         Punch             |       |       |       |     1 |       ||     1
  Throw: Throwing net      |       |       |     1 |       |       ||     1
   Cast: Shock             |    87 |    82 |    15 |     1 |       ||   185
         Static Discharge  |       |     4 |    23 |    53 |    19 ||    99
         Airstrike         |       |       |   145 |   361 |   479 ||   985
         Cigotuvi's Dreadf |       |       |       |       |     1 ||     1
         Swiftness         |       |       |       |       |     1 ||     1
  Evoke: Wand              |       |       |     3 |     1 |       ||     4
    Use: Potion            |     1 |       |     3 |       |     1 ||     5
         Scroll            |       |    10 |    10 |    17 |     2 ||    39
 Armour: Robe              |    10 |       |       |       |       ||    10
         Ring mail         |       |       |    10 |       |       ||    10
         Steam dragon scal |       |       |     6 |    54 |    87 ||   147
  Dodge: Dodged            |    28 |     7 |    23 |   127 |   163 ||   348
  Block: Buckler           |       |       |       |    22 |    80 ||   102
